 Dungeon Crawl Stone Soup version 0.25-a0-190-g27fffb8c76 (console) character file.

Game seed: 14778058279975135870, levelgen mode: deterministic

548 Kagalorn the Caller (level 7, 0/52 HPs)
             Began as a Purple Draconian Summoner on Nov 30, 2019.
             Was an Initiate of Ashenzari.
             Slain by a bullfrog (3 damage)
             ... on level 6 of the Dungeon.
             The game lasted 00:18:04 (5733 turns).

Kagalorn the Caller (Purple Draconian Summoner)     Turns: 5733, Time: 00:18:04

Health: 0/52       AC:  7    Str: 10    XL:     7   Next: 7%
Magic:  5/14       EV: 12    Int: 18    God:    Ashenzari [......]
Gold:   248        SH:  0    Dex: 13    Spells: 4/15 levels left

rFire    . . .     SeeInvis .   A - +0 quarterstaff
rCold    . . .     Gourm    .   (shield currently unavailable)
rNeg     . . .     Faith    .   (armour unavailable)
rPois    .         Spirit   .   (helmet restricted)
rElec    .         Reflect  .   (no cloak)
rCorr    .         Harm     .   (no gloves)
MR       +....                  (no boots)
Stlth    ++........             (no amulet)
HPRegen  0.17/turn              s - +1 ring of protection
MPRegen  0.14/turn              D - +2 ring of dexterity

@: very slightly contaminated
A: breathe power, unfitting armour, cold-blooded, AC +6
a: Breathe Dispelling Energy, Curse Item, Renounce Religion


You were on level 6 of the Dungeon.
You worshipped Ashenzari.
Ashenzari was noncommittal.
You were very hungry.

You visited 2 branches of the dungeon, and saw 7 of its levels.

You collected 248 gold pieces.

Inventory:

Hand Weapons
 l - a +4 dagger
 A - a +0 quarterstaff (weapon)
Missiles
 d - 38 poisoned darts (quivered)
 f - 81 stones
 h - 49 sling bullets
 o - 20 bolts
 r - 5 javelins
 v - 7 atropa-tipped darts
Jewellery
 e - an uncursed ring of ice
 q - an uncursed ring of ice
 s - a +1 ring of protection (left hand)
 D - a +2 ring of dexterity (right hand)
Wands
 y - a wand of iceblast (6)
 C - a wand of paralysis (6)
Scrolls
 a - 4 scrolls of identify {unknown}
 c - 5 scrolls of fog {unknown}
 g - 5 scrolls of remove curse
 i - a scroll of blinking {unknown}
 j - a scroll of random uselessness {unknown}
 k - 6 scrolls of immolation {unknown}
 p - 3 scrolls of amnesia {unknown}
 t - 4 scrolls of teleportation {unknown}
 B - a scroll of magic mapping {unknown}
Potions
 m - a potion of invisibility {unknown}
 n - 2 potions of haste
 u - a potion of might {unknown}
 w - a potion of degeneration {unknown}
 x - 3 potions of cancellation {unknown}
 z - 2 potions of lignification {unknown}
Comestibles
 b - 5 rations


   Skills:
 * Level 1.2 Fighting
 - Level 1.7 Dodging
 - Level 1.7 Stealth
 * Level 4.6 Spellcasting
 * Level 7.4 Summonings
 * Level 1.1 Air Magic


You had 4 spell levels left.
You knew the following spells:

 Your Spells              Type           Power        Failure   Level  Hunger
a - Call Canine Familiar  Summ           ####....     1%          3    ###....
b - Summon Small Mammal   Summ           ####         1%          1    None
c - Conjure Flame         Conj/Fire      #.......     38%         3    ###....
d - Summon Lightning Spi  Summ/Air       ###.....     24%         4    ####...

Your spell library contained the following spells:

 Spells                   Type           Power        Failure   Level  Hunger
 Call Imp                 Summ           ####....     1%          2    #......
 Summon Guardian Golem    Hex/Summ       ###.....     9%          3    ###....
 Flame Tongue             Conj/Fire      #....        14%         1    None
 Throw Flame              Conj/Fire      #.....       21%         2    #......
 Summon Ice Beast         Ice/Summ       ###.....     30%         4    ####...
 Inner Flame              Hex/Fire       #.......     38%         3    ###....
 Sticky Flame             Conj/Fire      #.......     80%         4    ####...
 Fireball                 Conj/Fire      #.........   98%         5    ######.


Dungeon Overview and Level Annotations

Branches:
Dungeon (6/15)             Temple (1/1) D:5

Altars:
Ashenzari
Cheibriados
Dithmenos
Elyvilon
Fedhas
Gozag
Kikubaaqudgha
Makhleb
Okawaru
Qazlal
Ru
Trog
Uskayaw
Vehumet
Wu Jian
Xom
Yredelemnul
Zin
The Shining One

Shops:
D:4 [:(

Annotations:
D:4 Eustachio


Innate Abilities, Weirdness & Mutations

You can breathe bolts of dispelling energy.
Your rich purple scales are hard. (AC +6)
You cannot fit into any form of body armour.
You are cold-blooded and may be slowed by cold attacks.


Message History

The bullfrog closely misses your hound. Something hits you but does no damage.
Your lightning spire shoots out a bolt of lightning at the orc priest!
The bolt of electricity hits the orc priest! x2
The orc priest dies!
The bolt of electricity hits your lightning spire.
Your lightning spire completely resists.
The bolt of electricity hits your lightning spire.
Your lightning spire completely resists.
Your hound misses the bullfrog. You barely miss something.
Your tail-slap misses something.
Your hound disappears in a puff of smoke!
The bullfrog hits you. Something hits you but does no damage.
The orc priest calls down the wrath of Beogh upon you.
Beogh smites you!
* * * LOW HITPOINT WARNING * * *
The bullfrog hits you but does no damage.
You miss something. The bullfrog closely misses you. Something hits you.
* * * LOW HITPOINT WARNING * * *
The bullfrog hits you.
You die...

...!...o.......###
............o....##
................#.#
.%......o.........#
..............#...###
.............###..#.##
..........h.....#....#
......./...#.#..#F..##
...........###.o@.###
####.......##.8..##
##.....####..##
#.....# ##.# ####..#
### #.## ###


You could see a bullfrog, an orc priest and a friendly lightning spire.

Vanquished Creatures
  A crimson imp (D:6)
  A hound (D:5)
  An orc priest (D:4)
  3 worker ants
  A howler monkey zombie (D:5)
  5 adders
  A shadow imp (D:5)
  A worm (D:2)
  2 orcs
  A giant cockroach (D:2)
  3 goblins (D:2)
  4 hobgoblins
  7 jackals (D:3)
  5 kobolds
  2 quokkas
  A ball python (D:2)
  4 bats
  3 frilled lizards
  A leopard gecko skeleton (D:5)
  A quokka skeleton (D:4)
  7 rats
55 creatures vanquished.

Vanquished Creatures (collateral kills)
  Sigmund (D:2)
  2 ogres
  An orc priest (D:6)
  A hound (D:5)
  A centaur skeleton (D:3)
  An iguana (D:5)
  A worker ant (D:6)
  Terence (D:3)
  3 adders
  6 worms
  4 orcs
  2 giant cockroaches
  3 hobgoblins
  5 jackals (D:3)
  2 kobolds (D:3)
  A bat (D:3)
35 creatures vanquished.

Grand Total: 90 creatures vanquished

Notes
Turn   | Place    | Note
-------+----------+-------------------------------------------
     0 | D:1      | Kagalorn the Draconian Summoner began the quest for the
                  | Orb.
     0 | D:1      | Reached XP level 1. HP: 14/14 MP: 3/3
   546 | D:2      | Reached XP level 2. HP: 18/20 MP: 5/5
   877 | D:2      | Noticed Sigmund
   945 | D:2      | HP: 1/20 [worm (7)]
  1228 | D:2      | Reached skill level 5 in Summonings
  1228 | D:2      | Reached XP level 3. HP: 10/26 MP: 4/6
  1534 | D:2      | Learned a level 3 spell: Call Canine Familiar
  2085 | D:2      | Killed Sigmund
  2085 | D:2      | Reached skill level 6 in Summonings
  2085 | D:2      | Reached XP level 4. HP: 25/33 MP: 2/7
  2085 | D:2      | Reached XP level 5. HP: 29/38 MP: 2/8
  2768 | D:3      | Noticed an ogre
  2857 | D:3      | Killed an ogre
  2928 | D:3      | Noticed Terence
  2944 | D:3      | Killed Terence
  3475 | D:3      | Learned a level 4 spell: Summon Lightning Spire
  3651 | D:4      | Found Roaraupt's Weapon Shop.
  3751 | D:4      | Reached XP level 6. HP: 31/45 MP: 6/10
  3820 | D:4      | Found Qauf's Book Shop.
  4218 | D:4      | Found a shimmering altar of Xom.
  4218 | D:4      | Found a glowing golden altar of the Shining One.
  4236 | D:4      | Found Zaat's Antique Armour Boutique.
  4259 | D:4      | Reached skill level 7 in Summonings
  4524 | D:5      | Entered Level 5 of the Dungeon
  4529 | D:5      | Noticed Eustachio
  4812 | D:5      | Found a staircase to the Ecumenical Temple.
  4820 | Temple   | Entered the Ecumenical Temple
  4953 | Temple   | Became a worshipper of Ashenzari the Shackled
  5183 | D:5      | Reached skill level 1 in Fighting
  5241 | D:5      | Learned a level 3 spell: Conjure Flame
  5592 | D:6      | Reached skill level 1 in Air Magic
  5625 | D:6      | Your scales start taking on a rich purple colour.
  5625 | D:6      | Reached XP level 7. HP: 44/52 MP: 13/13
  5733 | D:6      | Slain by a bullfrog

Levels and vault maps discovered:
D:1:      eino_arrival_water_cross, layout_rooms
D:2:      layout_rooms, first_ration, minmay_crystal_room, uniq_sigmund
D:3:      layout_basic, serial_curves, eino_curves_02, eino_curves_01,
          nrook_campfire, uniq_terence
D:4:      layout_basic, gammafunk_temple_overflow_wave, serial_shops, shop,
          shop, shop
D:5:      minmay_evil_eye, layout_rooms, minmay_temple_entry_slanted,
          minmay_misc_feat_rows, uniq_eustachio
D:6:      layout_cave_pools, columned_hall_lemuel
Temple:   minmay_crystal_spiral_temple

Skill      XL: |  1  2  3  4  5  6 |
---------------+-------------------+-----
Summonings     | 5 6 7 |  7.4
Spellcasting   | 4 |  4.6
Fighting       | 1 |  1.2
Air Magic      | 1 |  1.1
Dodging        | |  1.7
Stealth        | |  1.7

Action                   |  1- 3 |  4- 6 |  7- 9 || total
-------------------------+-------+-------+-------++-------
Melee: Unarmed           |    43 |       |       ||    43
       Tailslap          |    11 |    33 |     1 ||    45
       Dagger            |    72 |   263 |     2 ||   337
       Quarterstaff      |       |       |     5 ||     5
 Cast: Summon Small Mamm |     9 |       |       ||     9
       Call Canine Famil |     8 |    25 |     1 ||    34
       Summon Lightning  |       |       |     1 ||     1
 Stab: Sleeping          |     3 |     3 |       ||     6
  Eat: Chunk             |     4 |    11 |       ||    15
       Ration            |       |     1 |       ||     1
Armor: Skin              |    67 |    82 |     7 ||   156
Dodge: Dodged            |   135 |   219 |     8 ||   362

Table legend:
 A = Non-vault XP
 B = Vault XP
 C = Vault XP percentage of total XP
 D = Non-vault monster count
 E = Vault monster count
 F = Vault count percentage of total count
                 A         B        C        D         E       F
            +---------+---------+-------+---------+---------+-------
      Total |     560 |     224 |  28.6 |      83 |       7 |   7.8
            +---------+---------+-------+---------+---------+-------
        D:1 |      12 |       0 |   0.0 |      10 |       0 |   0.0
        D:2 |      83 |     121 |  59.3 |      23 |       1 |   4.2
        D:3 |     136 |      20 |  12.8 |      31 |       1 |   3.1
        D:4 |      62 |       0 |   0.0 |       7 |       0 |   0.0
        D:5 |     167 |      83 |  33.2 |       8 |       5 |  38.5
        D:6 |     100 |       0 |   0.0 |       4 |       0 |   0.0
            +---------+---------+-------+---------+---------+-------
